 Dungeon Crawl Stone Soup version 0.24-a0-618-ge4662a2 (webtiles) character file.

Game seed: 12139116171816707866, levelgen mode: deterministic

46401 BoppinsLewinski the Fighter (level 14, -5/120 HPs)
             Began as a Formicid Fighter on Sept 16, 2019.
             Was an Initiate of Gozag.
             Slain by an entropy weaver
             ... wielding a +0 trident
              (10 damage)
             ... on level 5 of the Lair of Beasts.
             The game lasted 00:50:23 (20084 turns).

BoppinsLewinski the Fighter (Formicid Fighter)     Turns: 20084, Time: 00:50:24

Health: -5/120     AC: 11    Str: 28    XL:     14   Next: 76%
Magic:  14/14      EV: 20    Int: 16    God:    Gozag
Gold:   1534       SH: 14    Dex: 16    Spells: 13/13 levels left

rFire    + . .     SeeInvis +   A - +3 battleaxe (freeze)
rCold    + + .     Gourm    .   c - +0 shield
rNeg     . . .     Faith    .   d - +0 chain mail
rPois    +         Spirit   .   (helmet unavailable)
rElec    +         Reflect  .   (no cloak)
rCorr    +         Harm     .   e - +0 pair of gloves
MR       +....                  s - +0 pair of boots
Stlth    ..........             (no amulet)
HPRegen  0.30/turn              u - +4 ring of intelligence
MPRegen  0.14/turn              r - ring of protection from cold

@: mighty, agile, resistant, corroded
A: permanent stasis, dig shafts and tunnels, four strong arms, antennae 3,
clever 1, electricity resistance
a: Dig, Shaft Self, Potion Petition, Call Merchant, Bribe Branch, Renounce
Religion


You were on level 5 of the Lair of Beasts.
You worshipped Gozag.
Gozag was most pleased with you.
You were not hungry.

You visited 2 branches of the dungeon, and saw 16 of its levels.
You also visited: Ossuary and Ice Cave.

You collected 5036 gold pieces.
You spent 152 gold pieces at shops.
You paid 3350 gold pieces to Gozag.

Inventory:

Hand Weapons
 A - a +3 battleaxe of freezing (weapon)
 S - a +0 morningstar
Armour
 c - a +0 shield (worn)
 d - a +0 chain mail (worn)
 e - a +0 pair of gloves (worn)
 s - a +0 pair of boots (worn)
Jewellery
 r - a ring of protection from cold (right hand)
 u - a +4 ring of intelligence (left hand)
 x - an uncursed ring of see invisible {unknown}
 P - a +5 ring of dexterity {unknown}
 R - a +4 ring of evasion {unknown}
 U - an uncursed ring of poison resistance {unknown}
Wands
 p - a wand of digging (8)
 v - a wand of paralysis (5)
 D - a wand of polymorph (9)
 F - a wand of random effects (30)
 L - a wand of disintegration (7)
 N - a wand of enslavement (6)
Scrolls
 b - a scroll of identify
 h - a scroll of summoning
 j - 4 scrolls of remove curse
 k - 2 scrolls of blinking {unknown}
 l - 3 scrolls of magic mapping
 m - a scroll of enchant weapon
 o - 3 scrolls of brand weapon {unknown}
 t - 2 scrolls of amnesia
 w - 4 scrolls of fog
 C - 5 scrolls of teleportation {unknown}
 E - a scroll of fear {unknown}
 G - 2 scrolls of vulnerability {unknown}
 H - 3 scrolls of enchant armour {unknown}
 K - 2 scrolls of torment {unknown}
Potions
 g - 3 potions of lignification
 i - 4 potions of curing
 n - a potion of flight
 q - 2 potions of magic
 I - a potion of resistance
 J - 2 potions of cancellation
Miscellaneous
 M - a sack of spiders
Comestibles
 f - 9 rations


   Skills:
 * Level 14.3 Fighting
 + Level 11.2 Axes
 + Level 11.2 Armour
 + Level 9.0 Dodging
 + Level 12.1 Shields


You had 13 spell levels left.
You didn't know any spells.
Your spell library contained the following spells:

 Spells                   Type           Power        Failure   Level  Hunger
 Animate Skeleton         Necr           N/A          71%         1    ##.....
 Apportation              Tloc           #.....       71%         1    ##.....
 Confusing Touch          Hex            #.....       71%         1    ##.....
 Flame Tongue             Conj/Fire      #....        71%         1    ##.....
 Magic Dart               Conj           #...         71%         1    ##.....
 Pain                     Necr           #...         71%         1    ##.....
 Summon Small Mammal      Summ           #...         71%         1    ##.....
 Searing Ray              Conj           #.....       83%         2    ###....
 Throw Flame              Conj/Fire      #.....       83%         2    ###....
 Confuse                  Hex            #.......     97%         3    ####...
 Conjure Flame            Conj/Fire      #.......     97%         3    ####...
 Dazzling Spray           Conj/Hex       #.....       97%         3    ####...
 Gell's Gravitas          Tloc           #.........   97%         3    ####...
 Inner Flame              Hex/Fire       #.......     97%         3    ####...
 Regeneration             Chrm/Necr      #.........   97%         3    ####...
 Vampiric Draining        Necr           #.........   97%         3    ####...
 Animate Dead             Necr           N/A          100%        4    #####..
 Force Lance              Conj/Tloc      #.......     100%        4    #####..
 Fulminant Prism          Conj/Hex       #.........   100%        4    #####..
 Iskenderun's Mystic Bla  Conj           #.......     100%        4    #####..
 Petrify                  Tmut/Erth      #.......     100%        4    #####..
 Sticky Flame             Conj/Fire      #.......     100%        4    #####..
 Fireball                 Conj/Fire      #.........   100%        5    ######.
 Metabolic Englaciation   Hex/Ice        #.........   100%        5    ######.
 Yara's Violent Unravell  Hex/Tmut       #.........   100%        5    ######.


Dungeon Overview and Level Annotations

Branches:
Dungeon (11/15)            Temple (0/1) D:7            Lair (5/6) D:11
 Shoals (0/4) Lair:4       Spider (0/4) Lair:4      Ossuary (visited)
  IceCv (visited)
  Slime: Lair:5-6       Orc: D:9-12

Altars:
Dithmenos
Fedhas
Gozag
Kikubaaqudgha
Nemelex Xobeh
Wu Jian
Yredelemnul
The Shining One

Shops:
D:10 (?   D:11 ?   Lair:2 [

Annotations:
D:9 1 runed translucent door
Lair:2 1 runed translucent door, flotson's ghost, journeyman DsBe


Innate Abilities, Weirdness & Mutations

You cannot be hasted, slowed, berserked, paralysed or teleported.
You can dig through walls and to a lower floor.
Your four strong arms can wield two-handed weapons with a shield.
You have a pair of large antennae on your head. (SInv)
Your mind is acute. (Int +2)
You are resistant to electric shocks. (rElec)


Message History

Tha entropy wea'er hits ye wit' a +0 trident.
* * * LOW HITPOINT WARNIN'
* * * Ye block tha entropy wea'er's attack.
Unknown command.
Ye closely miss tha entropy wea'er.
Tha entropy wea'er be moderately wounded.
Ye block tha entropy wea'er's attack. x2; Tha entropy wea'er closely misses ye.
Tha entropy wea'er barely misses ye. x2
Tha entropy wea'er hits ye but does nay damage.
Ye block tha entropy wea'er's attack.
Tha entropy wea'er hits ye wit' a +0 trident!
* * * LOW HITPOINT WARNIN'
* * * Ye miss tha entropy wea'er.
Tha entropy wea'er be moderately wounded.
Ye block tha entropy wea'er's attack.
Tha entropy wea'er hits ye wit' a +0 trident.
* * * LOW HITPOINT WARNIN'
* * * Tha entropy wea'er hits ye wit' a +0 trident!
Ye die...
Yer body crumbles inta a pile o' gold.

###### ###..#.# #####
#......### # ###.#.####
##......#.##. #........##.
........+.#.###......?....
#............#..$$$.......
#......##P...#.@<........
##.......##....a....:.....
#..........###.#.####.##..
#..#...##.## #..#$.# #.# .
. #...##..# #.##..#.# ..#
##..###.##.#..#.# .. #..
#..# #.#..[...## ..##.
####.+####.#..# a $ .#
.......# .#.## #. #


You could see an entropy weaver.

Vanquished Creatures
  2 ice dragons (IceCv)
  Harold (D:7)
  A centaur warrior (D:10)
  2 two-headed ogres (D:9)
  A queen ant (Lair:4)
  Pikel (D:7)
  An orb spider (Lair:4)
  5 elephants
  A manticore (Lair:4)
  2 cyclopes
  2 ice statues (IceCv)
  Maurice (D:8)
  6 spiny frogs
  3 rime drakes
  4 komodo dragons
  2 trolls
  7 blink frogs
  4 dream sheep (Lair:5)
  6 hippogriffs
  A spriggan (D:8)
  3 wyverns
  39 yaks
  3 basilisks
  Edmund (D:6)
  6 soldier ants
  6 water moccasins
  3 porcupines
  A black bear (D:11)
  17 ice beasts
  4 orc warriors
  A slave (D:7)
  A necrophage (D:9)
  6 ogres
  4 phantoms
  5 centaurs
  11 wolves
  8 crocodiles
  17 bullfrogs
  5 scorpions
  6 killer bees (D:11)
  6 wights
  2 howler monkeys
  4 crimson imps
  2 quasits (D:10)
  A centaur zombie (D:5)
  6 hounds
  8 orc priests
  4 jellies
  A bullfrog skeleton (D:4)
  9 orc wizards
  3 iguanas
  23 worker ants
  2 hound zombies
  A hound skeleton (D:2)
  8 mummies (Ossuary)
  14 adders
  A howler monkey skeleton (D:8)
  An adder zombie (D:5)
  A worm (D:6)
  A dart slug (D:1)
  6 leopard geckos
  34 orcs
  2 ball pythons
  5 bats
  A bat zombie (D:2)
  4 giant cockroaches (D:1)
  A gnoll zombie (Ossuary)
  9 hobgoblins
  7 jackals
  3 kobolds
  2 quokkas
  3 frilled lizards
  9 goblins
  A hobgoblin zombie (Ossuary)
  2 jackal skeletons
  4 kobold zombies (Ossuary)
  A leopard gecko zombie (D:2)
  2 orc zombies (Ossuary)
  7 rats
  2 fungi (Lair:3)
  2 plants
405 creatures vanquished.

Vanquished Creatures (collateral kills)
  A two-headed ogre (D:11)
  2 oklob plants (D:11)
  An orc priest (D:10)
  3 plants (D:11)
7 creatures vanquished.

Vanquished Creatures (others)
  A slave (D:8)
  A scorpion (D:8)
  A wight (D:8)
  An adder (D:8)
  An adder zombie (D:8)
  6 fungi
  8 plants
19 creatures vanquished.

Grand Total: 431 creatures vanquished

Notes
Turn   | Place    | Note
-------+----------+-------------------------------------------
     0 | D:1      | BoppinsLewinski the Formicid Fighter began the quest for
                  | the Orb.
     0 | D:1      | Reached XP level 1. HP: 18/18 MP: 1/1
    58 | D:1      | Reached XP level 2. HP: 23/24 MP: 2/2
   314 | D:1      | Reached XP level 3. HP: 29/29 MP: 3/3
   599 | D:2      | Reached skill level 1 in Dodging
   599 | D:2      | Reached XP level 4. HP: 35/37 MP: 4/4
   731 | D:2      | Found an ornate altar of the Wu Jian Council.
  1488 | D:3      | Found an ancient bone altar of Kikubaaqudgha.
  1582 | D:3      | Reached XP level 5. HP: 40/42 MP: 5/5
  1637 | D:3      | Found an opulent altar of Gozag.
  1705 | D:3      | Became a worshipper of Gozag Ym Sagoz the Greedy
  1958 | D:4      | Noticed an ogre
  1963 | D:4      | Killed an ogre
  1963 | D:4      | Reached skill level 4 in Fighting
  1963 | D:4      | Reached XP level 6. HP: 48/48 MP: 6/6
  2768 | D:4      | Found a basalt altar of Yredelemnul.
  2801 | D:4      | Reached XP level 7. HP: 47/55 MP: 7/7
  3047 | D:4      | Reached skill level 5 in Shields
  3142 | D:5      | Entered Level 5 of the Dungeon
  3467 | D:5      | Found a sand-covered staircase.
  3472 | Ossuary  | Entered an ossuary
  3721 | Ossuary  | Reached skill level 5 in Axes
  4063 | D:5      | Reached XP level 8. HP: 20/61 MP: 8/8
  4360 | D:4      | Reached skill level 5 in Armour
  4516 | D:5      | Reached skill level 5 in Fighting
  5016 | D:5      | Found a sparkling altar of Nemelex Xobeh.
  5345 | D:5      | Found a blossoming altar of Fedhas.
  5538 | D:6      | Identified the +7 long sword "Rekeo" {slice, Str+6} (You
                  | found it on level 6 of the Dungeon)
  5557 | D:6      | Noticed Edmund
  5568 | D:6      | Killed Edmund
  5568 | D:6      | Reached XP level 9. HP: 54/69 MP: 9/9
  5627 | D:6      | Reached skill level 6 in Fighting
  6492 | D:7      | Noticed Harold
  6508 | D:7      | Killed Harold
  6508 | D:7      | Reached skill level 7 in Fighting
  6508 | D:7      | Reached XP level 10. HP: 18/79 MP: 10/10
  7365 | D:7      | Found a shadowy altar of Dithmenos.
  7479 | D:7      | Reached skill level 5 in Dodging
  7530 | D:7      | Found a staircase to the Ecumenical Temple.
  7553 | D:7      | Reached skill level 8 in Fighting
  7632 | D:7      | Found a glowing golden altar of the Shining One.
  7777 | D:8      | Noticed Pikel
  7805 | D:7      | Killed Pikel
  8363 | D:8      | You fall into a shaft and drop 2 floors!
  8363 | D:10     | Entered Level 10 of the Dungeon
  8412 | D:10     | Found Myisch's Magic Scroll Emporium.
  8595 | D:8      | Noticed Maurice
  8633 | D:8      | Killed Maurice
  8633 | D:8      | Reached skill level 9 in Fighting
  8633 | D:8      | Reached XP level 11. HP: 86/89 MP: 11/11
  8918 | D:9      | Noticed a two-headed ogre
  8927 | D:9      | Killed a two-headed ogre
  9234 | D:9      | Found a runed translucent door.
  9234 | D:9      | Noticed a two-headed ogre
  9235 | D:9      | Noticed a yaktaur captain
  9284 | D:9      | Killed a two-headed ogre
  9861 | D:9      | Noticed a cyclops
  9874 | D:9      | Killed a cyclops
  9874 | D:9      | Reached skill level 10 in Fighting
 10416 | D:10     | Noticed a centaur warrior
 10424 | D:10     | Killed a centaur warrior
 10951 | D:11     | Noticed a two-headed ogre
 11003 | D:11     | Killed a two-headed ogre
 11069 | D:11     | Reached XP level 12. HP: 75/99 MP: 12/12
 11570 | D:11     | Reached skill level 11 in Fighting
 11632 | D:11     | Reached skill level 10 in Shields
 12005 | D:11     | Found a staircase to the Lair.
 12022 | D:11     | Bought a scroll of summoning for 152 gold pieces
 12078 | Lair:1   | Entered Level 1 of the Lair of Beasts
 13180 | Lair:2   | Found a runed translucent door.
 13180 | Lair:2   | Noticed flotson's ghost (journeyman DsBe)
 13733 | Lair:1   | Reached skill level 12 in Fighting
 13739 | Lair:1   | Reached skill level 10 in Axes
 14080 | Lair:1   | Reached skill level 13 in Fighting
 14080 | Lair:1   | Reached skill level 10 in Armour
 14080 | Lair:1   | Reached XP level 13. HP: 86/111 MP: 13/13
 14230 | Lair:1   | Reached XP level 14. HP: 70/118 MP: 14/14
 15372 | Lair:3   | Found a frozen archway.
 15381 | IceCv    | Entered an ice cave
 16223 | IceCv    | Got a smoking lead amulet
 18189 | Lair:4   | Found a staircase to the Shoals.
 18507 | Lair:4   | Found a hole to the Spider Nest.
 19253 | Lair:4   | Identified the amulet of Xull {Faith rC- Int+6} (You found
                  | it in an ice cave)
 19267 | Lair:4   | Gained mutation: You are resistant to electric shocks.
                  | (rElec) [potion of mutation]
 19267 | Lair:4   | Gained mutation: Your mind is acute. (Int +2) [potion of
                  | mutation]
 19484 | Lair:4   | Reached skill level 14 in Fighting
 19507 | Lair:5   | Noticed an entropy weaver
 20070 | Lair:5   | Noticed an entropy weaver
 20084 | Lair:5   | HP: 5/120 [entropy weaver/+0 trident (6)]
 20084 | Lair:5   | Slain by an entropy weaver

Levels and vault maps discovered:
D:1:      minmay_arrival_glassed_features, layout_basic
D:2:      layout_rooms, nicolae_overflow_crystal_walls, first_ration,
          serial_undead, serial_undead_c, serial_undead_f, serial_undead_a,
          serial_undead_a
D:3:      layout_rooms, kiku_gazebo_pond_becter, dk_vineyard_3,
          nicolae_gozag_cash_rules_everything_around_me
D:4:      layout_cave_pods, kennysheep_mini
D:5:      layout_basic, lemuel_doored_altar, lemuel_coloured_pillars_altar,
          enter_ossuary_5
D:6:      layout_rooms, uniq_edmund
D:7:      layout_rooms, nicolae_tso_swordbearing_angel,
          minmay_temple_entry_glassed_door, grunt_dithmenos_smoke, uniq_harold
D:8:      layout_basic, grunt_pizzeria, uniq_maurice, uniq_pikel
D:9:      layout_basic, minivault_13
D:10:     layout_roguey, serial_shops, shop
D:11:     layout_loops_ring, dpeg_oklobed_lair
Lair:1:   layout_regular_city, minmay_holes
Lair:2:   layout_cave_pods, ebering_ghost_reflecting_pool,
          chequers_serial_rivers_micro_b, grunt_megastairs_2
Lair:3:   layout_small_grid, nicolae_volcano_entry_two_sided,
          portal_ice_cave_entry_pillars_1, cheibrodos_lair_reptile_den,
          lemuel_fruit_tree
Lair:4:   layout_layer_cave, minmay_shoals_entry_beasts,
          nicolae_spider_entry_orb_guardian, serial_bayou_shore_b
Lair:5:   layout_roguey, slime_dummy, minmay_another_anthill

Skill      XL: |  1  2  3  4  5  6  7  8  9 10 11 12 13 14 |
---------------+-------------------------------------------+-----
Shields        | 4 5 6 7 8 9 11 12 | 12.1
Dodging        | 1 2 3 4 5 6 8 9 |  9.0
Axes           | 3 4 5 6 7 8 9 10 11 | 11.2
Fighting       | 4 5 7 9 10 13 14 | 14.3
Armour         | 4 5 6 7 8 10 11 | 11.2

Action                   |  1- 3 |  4- 6 |  7- 9 | 10-12 | 13-15 || total
-------------------------+-------+-------+-------+-------+-------++-------
Melee: War axe           |    63 |   175 |   183 |       |       ||   421
       Battleaxe         |       |       |    66 |   521 |   438 ||  1025
Invok: Potion Petition   |       |       |     1 |     2 |     2 ||     5
       Call Merchant     |       |       |       |     2 |     1 ||     3
 Abil: Dig               |       |       |       |     1 |     5 ||     6
Evoke: Wand              |       |       |     6 |    13 |     5 ||    24
       Sack of spiders   |       |       |       |     2 |     6 ||     8
  Use: Scroll            |       |     1 |     7 |     4 |     8 ||    20
       Potion            |       |     1 |     9 |     9 |    10 ||    29
 Stab: Invisible         |       |       |     9 |       |     1 ||    10
       Distracted        |       |       |     1 |     1 |     1 ||     3
       Paralysed         |       |       |       |     2 |       ||     2
  Eat: Chunk             |       |     3 |       |       |       ||     3
       Ration            |       |     1 |     3 |     8 |     6 ||    18
Armor: Scale mail        |    31 |    61 |    35 |       |       ||   127
       Chain mail        |       |       |    51 |   178 |   149 ||   378
Dodge: Dodged            |    31 |    73 |    81 |   219 |   205 ||   609
Block: Shield            |    34 |    93 |   104 |   323 |   319 ||   873

Table legend:
 A = Non-vault XP
 B = Vault XP
 C = Vault XP percentage of total XP
 D = Non-vault monster count
 E = Vault monster count
 F = Vault count percentage of total count
                 A         B        C        D         E       F
            +---------+---------+-------+---------+---------+-------
      Total |   33487 |   14870 |  30.8 |     324 |      80 |  19.8
            +---------+---------+-------+---------+---------+-------
        D:1 |      44 |       0 |   0.0 |      25 |       0 |   0.0
        D:2 |      46 |      23 |  33.3 |      13 |       3 |  18.8
        D:3 |      48 |       0 |   0.0 |      14 |       0 |   0.0
        D:4 |     623 |       0 |   0.0 |      23 |       0 |   0.0
        D:5 |     604 |       0 |   0.0 |      16 |       0 |   0.0
        D:6 |    1813 |     169 |   8.5 |      27 |       1 |   3.6
        D:7 |     890 |    1601 |  64.3 |      18 |       2 |  10.0
        D:8 |     828 |     495 |  37.4 |      13 |       2 |  13.3
        D:9 |    2027 |     866 |  29.9 |      14 |       1 |   6.7
       D:10 |    2887 |       0 |   0.0 |      29 |       0 |   0.0
       D:11 |    5656 |     550 |   8.9 |      47 |       2 |   4.1
     Lair:1 |    5224 |    1358 |  20.6 |      26 |       6 |  18.8
     Lair:2 |    2068 |     580 |  21.9 |      10 |       2 |  16.7
     Lair:3 |    3894 |     372 |   8.7 |      20 |       1 |   4.8
     Lair:4 |    3691 |    2675 |  42.0 |      15 |      13 |  46.4
     Lair:5 |    3144 |     874 |  21.8 |      14 |      11 |  44.0
    Ossuary |       0 |     151 | 100.0 |       0 |      16 | 100.0
      IceCv |       0 |    5156 | 100.0 |       0 |      20 | 100.0
            +---------+---------+-------+---------+---------+-------
